Match 47584293
Unlisted

Match 47584293
End
Construct Section Command Post
Selects Australian Defense Battlegroup
Selects Australian Light Infantry Section
Australian Light Infantry Section
Dingo Light Scout Car
Australian Light Infantry Section
Construct Platoon Command Post
Selects 2-pounder Anti-tank Gun Team
2-pounder Anti-tank Gun Team
Humber Armored Car
Infantry Training
Australian Light Infantry Section
CMP 15cwt Truck
Royal Engineer Section
Construct Company Command Post
Crusader II Medium Tank
Selects CMP 15cwt Supply Run
Selects Reinforced Resource Caches
Selects Charged Creeping Barrage
Charged Creeping Barrage
Unlock M3 Grant Medium Tanks
M3 Grant Medium Tank
killmars000
Red
国外网不好
琥珀豆皮小姐
musen8947
Kigami
lengfeng988
matrix4x4
0
0

Comments sign in to comment!

No comments posted yet!